AoeStats
← dollabillzz_billyGOAT

Arabia

504648031Analyzed
1v1 RM · 27d ago on Sep 6, 2026· 94m 2s· 2 players
Game mode
Random Map
Map size
Tiny (2 player)
Population
200
Speed
Normal
Resources
Standard
Victory
Conquest
Starting age
Dark Age
Ending age
Imperial Age
RankedLock teamsTeams togetherTeam positionsShared explorationLock speedFull tech treeHidden civsTurbo modeCheats
Victory
Defeat
🇨🇱 Byzantines · Chile
708
+17
🇺🇸 Magyars · United States
730
-17
ian.alejandro.r
1:42 Loom
11:53 Feudal Age
18:34 Castle Age
16:48 Horse Collar
17:58 Double-Bit Axe
18:28 Gold Mining
22:09 Fervor
25:09 Bow Saw
25:54 Redemption
26:09 Heavy Plow
28:32 Sanctity
28:01 Elite Skirmisher
29:48 Scale Barding Armor
29:44 Padded Archer Armor
29:55 Forging
30:59 Husbandry
33:50 Iron Casting
35:13 Fletching
37:34 Bodkin Arrow
42:00 Chain Barding Armor
43:50 Wheelbarrow
46:50 Imperial Age
46:25 Hand Cart
47:45 Leather Archer Armor
47:28 Heavy Camel Rider
49:05 Conscription
49:50 Chemistry
48:32 Treadmill Crane
50:09 Bracer
50:45 Plate Barding Armor
50:41 Ring Archer Armor
51:07 Ballistics
56:06 Guilds
57:26 Gold Shaft Mining
56:46 Stone Mining
58:33 Block Printing
60:01 Murder Holes
61:38 Logistica
62:45 Elite Cataphract
66:04 Crop Rotation
66:18 Stone Shaft Mining
66:58 Fortified Wall
71:02 Hoardings
88:03 Two-Man Saw
dollabillzz_billyGOAT
0:30 Loom
14:09 Feudal Age
14:42 Horse Collar
14:50 Double-Bit Axe
18:37 Wheelbarrow
23:35 Stone Mining
28:46 Castle Age
28:38 Bloodlines
28:46 Scale Barding Armor
28:45 Scale Mail Armor
34:24 Corvinian Army
36:41 Heavy Plow
36:55 Bow Saw
38:18 Fletching
39:04 Bodkin Arrow
44:32 Gold Mining
48:13 Imperial Age
48:21 Hand Cart
47:58 Town Watch
50:46 Conscription
51:08 Conscription
53:04 Hoardings
53:32 Husbandry
54:01 Chain Barding Armor
54:35 Pikeman
57:05 Ballistics
56:30 Elite Magyar Huszar
58:37 Halberdier
60:37 Murder Holes
60:49 Siege Engineers
61:49 Two-Man Saw
64:48 Chain Mail Armor
64:35 Bracer
66:55 Plate Barding Armor
69:42 Cavalier
72:08 Crop Rotation
77:54 Treadmill Crane
79:16 Paladin
81:00 Masonry
Connection lost

Rejoining the realm…

Still unreachable

The connection could not be restored.

Session expired

The server has moved on; the page needs a fresh start.